 Dungeon Crawl Stone Soup version 0.30-a0-1094-g860fb061e7 (webtiles) character file.

Game seed: 12403439789801684774

2440 NateTC the Fighter (level 9, -5/84 HPs)
             Began as a Minotaur Berserker on Apr 18, 2023.
             Was a Believer of Trog.
             Killed by divine providence
             ... invoked by an orc priest
              (12 damage)
             ... on level 6 of the Dungeon.
             The game lasted 00:07:41 (5527 turns).

NateTC the Fighter (Minotaur Berserker)             Turns: 5527, Time: 00:07:42

Health: -5/84      AC:  3    Str: 27    XL:     9   Next: 25%
Magic:  0/8        EV: 12    Int:  4    God:    Trog [**....]
Gold:   268        SH:  6    Dex:  9    Spells: 8/8 levels left

rFire   . . .      SeeInvis .    a - +0 falchion
rCold   . . .      Faith    .    k - +1 buckler
rNeg    . . .      Spirit   +    b - +0 animal skin
rPois   .          Reflect  .    (helmet restricted)
rElec   .          Rampage  .    r - +0 cloak
rCorr   .                        (no gloves)
Will    .....                    (no boots)
Stlth   +                        p - amulet of guardian spirit
HPRegen 0.34/turn                d - +4 ring of slaying
MPRegen 0.11/turn                (no ring)

@: weakened, on berserk cooldown, slowed, studying Short Blades, invisible, very
slow
A: horns 2, retaliatory headbutt
a: Renounce Religion, Berserk, Trog's Hand


You were on level 6 of the Dungeon.
You worshipped Trog.
Trog was pleased with you.
You visited 1 branch of the dungeon, and saw 6 of its levels.

You collected 268 gold pieces.

Inventory:

Hand Weapons
 a - a +0 falchion (weapon)
Missiles
 t - a throwing net (quivered)
Armour
 b - a +0 animal skin (worn)
 k - a +1 buckler (worn)
 r - a +0 cloak (worn)
Jewellery
 d - a +4 ring of slaying (left hand)
 p - an amulet of guardian spirit (around neck)
Wands
 i - a wand of charming (15)
 q - a wand of flame (14)
Scrolls
 e - 2 scrolls of teleportation
 h - 4 scrolls of identify
 j - a scroll of acquirement {unknown}
 l - 2 scrolls of fog
 n - a scroll of fear
 o - a scroll of noise {unknown}
 s - a scroll of brand weapon {unknown}
Potions
 c - 4 potions of curing
 f - 5 potions of attraction
 g - 2 potions of magic


   Skills:
 * Level 9.4 Fighting
 + Level 7.1 Long Blades
 + Level 6.4 Armour
 - Level 5.1 Dodging
 * Level 6.7 Shields


You had 8 spell levels left.
You didn't know any spells.
Your spell library was empty.

Dungeon Overview and Level Annotations

Branches:
Dungeon (6/15) Zot: 23820  Temple (0/1) D:6

Altars:
Cheibriados
Dithmenos
Fedhas
Gozag
Kikubaaqudgha
Nemelex Xobeh
Okawaru
Wu Jian
Xom
Yredelemnul

Shops:
D:2 :   D:4 (*

Annotations:
D:5 2 runed translucent doors, lunkers's ghost, novice MeFi


Innate Abilities, Weirdness & Mutations

You have a pair of horns on your head.
You reflexively headbutt those who attack you in melee.


Message History

The gnoll hits you from afar with a +0 halberd!
* * * LOW HITPOINT WARNING * * *
You slash the gnoll! You headbutt the gnoll!
You kill the gnoll!
Trog accepts your kill. The gnoll closely misses you.
The gnoll bouda hits you with a +0 club!
* * * LOW HITPOINT WARNING * * *
The orc closely misses you.
You feel better. The gnoll closely misses you.
The gnoll bouda gazes fiercely through you!
You feel your attacks grow feeble. You block the gnoll bouda's attack.
The orc barely misses you.
The gnoll hits you from afar with a +0 halberd!
* * * LOW HITPOINT WARNING * * *
You feel better. The orc misses you.
The gnoll bouda gazes fiercely through you!
You feel as though you will be weak longer.
You block the gnoll bouda's attack. The gnoll closely misses you.
The gnoll bouda hits you with a +0 club!
* * * LOW HITPOINT WARNING * * *
You block the orc's attack.
You fade into invisibility!
The gnoll closely misses you. The gnoll bouda closely misses you.
You block the orc's attack. You block the gnoll's attack.
An orc priest comes into view. It is wielding a +0 hand axe.
The orc priest shouts!
The gnoll bouda misses you. You furiously retaliate!
You headbutt the gnoll bouda!
The gnoll bouda hits you with a +0 club!
* * * LOW HITPOINT WARNING * * *
The orc hits you with a +0 dagger.
* * * LOW HITPOINT WARNING * * *
You block the orc's attack. The orc closely misses you.
You furiously retaliate!
You headbutt the orc.
You feel better. The gnoll bouda closely misses you. You furiously retaliate!
You headbutt the gnoll bouda. The gnoll bouda closely misses you.
The orc priest calls down the wrath of Beogh upon you.
Beogh smites you!
You die...

# ###### #.....
#.####
###############
#.#
#.....)(#.#...#
#.#
.#....o#g#.#..#
#.#
#..#...#og#..#.#
#.#
#...#o#.o@#...##
#.#
.$....)...o......#
#.#
.#.#...#...#.###.#
#.# ..#..#..#..#
#.######.# ...
.#.#.#...#
#........# ..
...#.#....#
########## # ##
#########


You could see a gnoll bouda (unable to see you), an orc priest (unable to see
you), a gnoll (swift, unable to see you) and 3 orcs.

Vanquished Creatures
  Pikel (D:5)
  Grinder (D:3)
  Sigmund (D:6)
  Edmund (D:5)
  2 black bears (D:4)
  2 ice beasts
  A sky beast (D:6)
  3 ogres
  2 lemures
  A kobold brigand (D:5)
  2 scorpions (D:6)
  7 hounds
  An orc priest (D:6)
  Crazy Yiuf (D:3)
  2 sleepcaps (D:5)
  Jessica (D:3)
  3 iguanas
  An orc wizard (D:6)
  4 gnolls (D:6)
  7 adders
  A shadow imp (D:6)
  A white imp (D:5)
  A worm (D:5)
  4 dart slugs
  10 orcs
  5 endoplasms
  2 giant cockroaches
  6 goblins
  9 hobgoblins
  13 kobolds
  8 quokkas
  3 training dummies (D:4)
  3 ball pythons
  6 bats
  4 frilled lizards
  10 rats
130 creatures vanquished.

Vanquished Creatures (others)
  13 plants (D:3)
13 creatures vanquished.

Grand Total: 143 creatures vanquished

Notes
Turn   | Place    | Note
-------+----------+-------------------------------------------
     0 | D:1      | NateTC the Minotaur Berserker began the quest for the Orb.
     0 | D:1      | Reached XP level 1. HP: 19/19 MP: 0/0
    94 | D:1      | Reached XP level 2. HP: 27/27 MP: 1/1
   219 | D:1      | Reached skill level 4 in Fighting
   655 | D:1      | Found a blossoming altar of Fedhas.
  1023 | D:2      | Reached XP level 3. HP: 33/33 MP: 2/2
  1068 | D:2      | Reached ** piety under Trog
  1214 | D:2      | Found Xeil's Book Shop.
  1523 | D:2      | Found an opulent altar of Gozag.
  1555 | D:2      | Found a faded altar of an unknown god.
  1776 | D:3      | Identified the +4 hammer of Departure {drain, Str+3 SInv}
  1779 | D:3      | Found a runed translucent door.
  1780 | D:3      | Noticed Crazy Yiuf
  1875 | D:3      | Noticed Jessica
  1878 | D:3      | You fall into a shaft and drop 3 floors!
  1903 | D:5      | Entered Level 5 of the Dungeon
  1903 | D:5      | Noticed an ogre
  1928 | D:6      | Reached XP level 4. HP: 37/41 MP: 3/3
  2110 | D:6      | Reached skill level 5 in Fighting
  2110 | D:6      | Reached XP level 5. HP: 17/48 MP: 4/4
  2143 | D:6      | Noticed an ice beast
  2229 | D:6      | Found a blossoming altar of Fedhas.
  2231 | D:6      | Found an iron altar of Okawaru.
  2234 | D:6      | Found a sparkling altar of Nemelex Xobeh.
  2239 | D:6      | Noticed Sigmund
  2250 | D:6      | Killed Sigmund
  2251 | D:6      | Reached XP level 6. HP: 57/57 MP: 5/5
  2404 | D:4      | Reached skill level 6 in Fighting
  2404 | D:4      | Reached skill level 5 in Long Blades
  2435 | D:4      | Reached skill level 5 in Dodging
  2435 | D:4      | Reached XP level 7. HP: 41/63 MP: 6/6
  2507 | D:4      | Found an ornate altar of the Wu Jian Council.
  2589 | D:3      | Found a shadowy altar of Dithmenos.
  2697 | D:3      | Found a shimmering altar of Xom.
  2989 | D:3      | Noticed Grinder
  2998 | D:3      | Killed Grinder
  3346 | D:3      | Killed Jessica
  3419 | D:3      | Found a basalt altar of Yredelemnul.
  3492 | D:3      | Killed Crazy Yiuf
  3591 | D:4      | Found a snail-covered altar of Cheibriados.
  3600 | D:4      | Found Naudin Oxaath's Assorted Antiques.
  3656 | D:4      | Reached skill level 7 in Fighting
  3668 | D:4      | Found a shimmering altar of Xom.
  3782 | D:4      | Found Cautzor's Firing Range.
  3940 | D:5      | Reached skill level 5 in Armour
  3940 | D:5      | Reached XP level 8. HP: 73/73 MP: 5/7
  4149 | D:5      | Noticed Edmund
  4158 | D:5      | Killed Edmund
  4205 | D:5      | Reached skill level 8 in Fighting
  4361 | D:5      | Found a large runed translucent door.
  4362 | D:5      | Found a large runed translucent door.
  4364 | D:5      | Noticed lunkers's ghost (novice MeFi)
  4572 | D:5      | Reached skill level 5 in Shields
  4704 | D:5      | Noticed Pikel
  4718 | D:5      | Killed Pikel
  4919 | D:5      | Found an ancient bone altar of Kikubaaqudgha.
  4965 | D:5      | Reached XP level 9. HP: 77/82 MP: 8/8
  5284 | D:6      | Reached skill level 9 in Fighting
  5402 | D:6      | Found a staircase to the Ecumenical Temple.
  5525 | D:6      | HP: 3/84 [gnoll bouda/+0 club (9)]
  5525 | D:6      | HP: 1/84 [orc/+0 dagger (2)]
  5527 | D:6      | Killed from afar by an orc priest

Illustrated notes

Levels and vault maps discovered:
D:1:      dpeg_arrival_lava_altar, layout_basic
D:2:      layout_basic, dreamdust_ecumenical_altar_hidden_monk_grotto,
          basic_altar, serial_shops, shop, minivault_11
D:3:      wad_woods_stonehenge, layout_loops_corners,
          mainiacjoe_overflow_concentric_impassable,
          lemuel_coloured_pillars_altar, uniq_grinder, uniq_jessica,
          uniq_crazy_yiuf_cottage
D:4:      layout_rooms, overflow_temple_1_default, cheibriados_altar_1,
          old_standard_altar, serial_shops, shop, nicolae_shop_firing_range
D:5:      layout_loops_ring, lemuel_round_altar, ebering_ghost_disaster_area,
          uniq_edmund, uniq_pikel
D:6:      layout_loops_ring, grunt_temple_overflow_open,
          minmay_temple_entry_slanted, amethyst_killhole,
          hangedman_decor_diamond_cutter, uniq_sigmund

Skill      XL: |  1  2  3  4  5  6  7  8  9 |
---------------+----------------------------+-----
Fighting       | 4 5 6 7 8 9 |  9.4
Long Blades    | 4 5 6 7 |  7.1
Dodging        | 3 4 5 |  5.1
Armour         | 3 4 5 6 |  6.4
Shields        | 3 6 |  6.7

Action                     |  1- 3 |  4- 6 |  7- 9 || total
---------------------------+-------+-------+-------++-------
  Melee: Falchion          |    61 |    59 |   198 ||   318
         Headbutt          |     8 |     7 |    30 ||    45
         Punch             |     1 |     1 |       ||     2
 Invoke: Trog's Hand       |       |     1 |     3 ||     4
         Berserk           |       |     1 |     5 ||     6
    Use: Scroll            |     2 |       |    10 ||    12
         Potion            |       |       |     4 ||     4
   Stab: Distracted        |     1 |       |       ||     1
         Sleeping          |     1 |     1 |       ||     2
 Armour: Animal skin       |    11 |     7 |    27 ||    45
  Dodge: Dodged            |    43 |    45 |   106 ||   194
  Block: Buckler           |       |       |    42 ||    42

Table legend: (Time is in decaauts)
 A = Elapsed time spent in this place.
 B = Non-inter-level travel time spent in this place.
 C = Inter-level travel time spent in this place.
 D = Time resting spent in this place.
 E = Time spent auto-exploring this place.
 F = Levels seen in this place.
 G = Mean time per level.
                   A        B        C        D        E       F      G
               +--------+--------+--------+--------+--------+-----+--------+
         Total |   5594 |   5367 |    227 |    782 |   3486 |   6 |  932.3 |
       Dungeon |   5594 |   5367 |    227 |    782 |   3486 |   6 |  932.3 |
               +--------+--------+--------+--------+--------+-----+--------+

Top non-repeatable levels by time:
     D:5: 1357 daAuts
     D:3: 1202 daAuts
     D:1: 980 daAuts
     D:6: 792 daAuts
     D:2: 703 daAuts
     D:4: 558 daAuts
